 Dungeon Crawl Stone Soup version 0.30-a0-292-g0f741e3f8e (webtiles) character file.

Game seed: 9072464415231613184

1745 plokij the Carver (level 8, -1/78 HPs)
             Began as a Minotaur Fighter on Oct 17, 2022.
             Slain by a gnoll
             ... wielding a +0 halberd
             ... led by a gnoll sergeant
              (10 damage)
             ... on level 6 of the Dungeon.
             The game lasted 00:18:38 (6017 turns).

plokij the Carver (Minotaur Fighter)                Turns: 6017, Time: 00:18:38

Health: -1/78      AC: 13    Str: 21    XL:     8   Next: 77%
Magic:  7/7        EV:  9    Int:  5    God:
Gold:   281        SH:  5    Dex: 12    Spells: 7/7 levels left

rFire   + . .      SeeInvis .    a - +0 long sword
rCold   . . .      Faith    .    c - +0 buckler
rNeg    . . .      Spirit   .    k - +0 chain mail
rPois   .          Reflect  .    (helmet restricted)
rElec   .          Harm     .    E - +0 cloak
rCorr   .          Rampage  .    C - +0 pair of gloves
Will    +....                    (no boots)
Stlth   ..........               (no amulet)
HPRegen 0.33/turn                j - ring of willpower
MPRegen 0.10/turn                (no ring)

@: no status effects
A: horns 2, retaliatory headbutt, fire resistance 1, robust 1
a: no special abilities


You were on level 6 of the Dungeon.
You visited 1 branch of the dungeon, and saw 6 of its levels.

You collected 281 gold pieces.

Inventory:

Hand Weapons
 a - a +0 long sword (weapon)
 u - a +0 short sword of holy wrath
Missiles
 q - 2 throwing nets (quivered)
Armour
 c - a +0 buckler (worn)
 k - a +0 chain mail (worn)
 C - a +0 pair of gloves (worn)
 E - a +0 cloak (worn)
Magical Staves
 r - a staff of death
Jewellery
 j - a ring of willpower (left hand)
 t - an amulet of faith
 B - an amulet of regeneration
Wands
 p - a wand of charming (14)
Scrolls
 b - 2 scrolls of magic mapping {unknown}
 e - a scroll of fog {unknown}
 g - 3 scrolls of enchant armour {unknown}
 h - a scroll of fear {unknown}
 l - a scroll of noise {unknown}
 m - 3 scrolls of identify {unknown}
 s - a scroll of enchant weapon {unknown}
 v - a scroll of teleportation {unknown}
 y - 3 scrolls of amnesia {unknown}
 z - 2 scrolls of brand weapon {unknown}
 A - a scroll of poison {unknown}
 D - 2 scrolls of silence {unknown}
 F - a scroll of blinking {unknown}
Potions
 d - a potion of might
 f - a potion of lignification {unknown}
 i - 3 potions of mutation
 n - a potion of brilliance {unknown}
 o - a potion of degeneration {unknown}
 w - a potion of cancellation {unknown}
 x - 2 potions of curing {unknown}


   Skills:
 + Level 6.5 Fighting
 * Level 8.2 Long Blades
 + Level 6.6 Armour
 + Level 4.7 Dodging
 + Level 6.6 Shields


You had 7 spell levels left.
You didn't know any spells.
Your spell library contained the following spells:

 Spells                   Type           Power      Damage    Failure   Level
 Apportation              Tloc           0%         N/A       99%         1
 Necrotise                Necr           0%         1d4       99%         1
 Sandblast                Erth           0%         2d4       99%         1
 Summon Small Mammal      Summ           0%         N/A       99%         1
 Passwall                 Tmut/Erth      0%         N/A       100%        2
 Inner Flame              Hex/Fire       0%         N/A       100%        3
 Portal Projectile        Hex/Tloc       0%         N/A       100%        3
 Stone Arrow              Conj/Erth      0%         3d7       100%        3
 Tukima's Dance           Hex            0%         N/A       100%        3
 Flame Wave               Conj/Fire      0%         2d4       100%        4
 Sticky Flame             Conj/Fire      0%         2d3       100%        4
 Blade Hands              Tmut           0%         N/A       100%        5


Dungeon Overview and Level Annotations

Branches:
Dungeon (6/15)
 Temple: D:4-7

Altars:
Yredelemnul

Shops:
D:3 =   D:4 ?:


Innate Abilities, Weirdness & Mutations

You have a pair of horns on your head.
You reflexively headbutt those who attack you in melee.
Your flesh is heat resistant. (rF+)
You are robust. (+10% HP)


Message History

* * * LOW HITPOINT WARNING * * *
The gnoll barely misses you.
The gnoll hits you with a +2 whip of flaming.
* * * LOW HITPOINT WARNING * * *
The gnoll hits you but does no damage.
You closely miss the gnoll. Your headbutt misses the gnoll.
The gnoll barely misses you. You block the gnoll's attack.
The gnoll barely misses you. You furiously retaliate!
You headbutt the gnoll!
You kill the gnoll!
The gnoll barely misses you.
You hit the gnoll but do no damage. You headbutt the gnoll!
You kill the gnoll!
The gnoll hits you with a +0 flail.
* * * LOW HITPOINT WARNING * * *
The gnoll hits you but does no damage. The gnoll hits you but does no damage.
You see here a +0 flail.
You hit the gnoll.
You headbutt the gnoll, but do no damage.
The gnoll is heavily wounded.
You block the gnoll's attack. x2
You closely miss the gnoll.
The gnoll is heavily wounded.
The gnoll hits you from afar with a +0 halberd.
* * * LOW HITPOINT WARNING * * *
The gnoll hits you but does no damage.
You hit the gnoll but do no damage.
The gnoll is heavily wounded.
The gnoll hits you with a +0 flail.
* * * LOW HITPOINT WARNING * * *
The gnoll barely misses you.
You hit the gnoll.
The gnoll is heavily wounded.
The gnoll hits you from afar with a +0 halberd.
* * * LOW HITPOINT WARNING * * *
You block the gnoll's attack.
You hit the gnoll. You headbutt the gnoll.
You kill the gnoll!
The gnoll hits you from afar with a +0 halberd!
You die...

#.... #.#.. ♣ ♣
##.... .♣. .<..♣ ♣.♣
#...♣ ♣.♣ ## #.#.♣#
#♣.♣# .#
##.#..♣♣♣.g.♣♣♣...
.#
##.......).).......
.#
#...###..))@#.....
.#
#....#........####
.#####.#.#.#.###.###
.............# #.#
.#####.#.#.### #.#
..## #.#.#.# #.#
...####....## ...
....##......# ...
#.......#......


You could see a gnoll.

Vanquished Creatures
  Sigmund (D:2)
  An ice beast (D:6)
  A black bear (D:5)
  2 ogres (D:5)
  2 phantoms (D:5)
  3 gnoll sergeants
  2 necrophages
  3 scorpions
  A howler monkey (D:6)
  2 hounds
  An orc priest (D:4)
  6 iguanas
  An orc wizard (D:4)
  8 gnolls
  12 adders
  A white imp (D:3)
  3 ufetubi
  A worm (D:5)
  5 dart slugs
  12 orcs
  5 endoplasms
  3 giant cockroaches
  2 hobgoblins
  4 quokkas
  6 ball pythons
  5 bats
  3 frilled lizards (D:1)
  7 goblins
  7 kobolds
  2 rats (D:2)
112 creatures vanquished.

Notes
Turn   | Place    | Note
-------+----------+-------------------------------------------
     0 | D:1      | plokij the Minotaur Fighter began the quest for the Orb.
     0 | D:1      | Reached XP level 1. HP: 19/19 MP: 0/0
   229 | D:1      | You fall into a shaft and drop 1 floor!
   256 | D:2      | Reached XP level 2. HP: 27/27 MP: 1/1
   284 | D:2      | Reached skill level 3 in Long Blades
   294 | D:2      | Reached XP level 3. HP: 17/33 MP: 2/2
   504 | D:1      | Reached skill level 1 in Dodging
   975 | D:2      | HP: 1/33 [adder (3)]
  1200 | D:2      | Reached XP level 4. HP: 32/40 MP: 3/3
  1536 | D:2      | Noticed Sigmund
  1548 | D:2      | Killed Sigmund
  1549 | D:2      | Reached skill level 4 in Long Blades
  1549 | D:2      | Reached XP level 5. HP: 28/47 MP: 4/4
  2008 | D:3      | Identified the +0 leather armour of the Vaults {Rampage}
  2032 | D:3      | Reached XP level 6. HP: 53/53 MP: 5/5
  2186 | D:3      | Found Rat Bapp's Jewellery Boutique.
  2640 | D:4      | Found Myllabromn's Magic Scroll Shop.
  2681 | D:4      | Reached skill level 5 in Long Blades
  2692 | D:4      | Reached skill level 5 in Shields
  2909 | D:4      | Reached skill level 5 in Armour
  3069 | D:4      | Reached skill level 5 in Fighting
  3578 | D:4      | Reached XP level 7. HP: 50/61 MP: 6/6
  3762 | D:4      | Found Dounnua's Tremendous Tomes.
  4083 | D:5      | Entered Level 5 of the Dungeon
  4162 | D:5      | Found a basalt altar of Yredelemnul.
  4596 | D:5      | Reached skill level 6 in Long Blades
  4940 | D:5      | Gained mutation: You are robust. (+10% HP) [potion of
                  | mutation]
  4940 | D:5      | Gained mutation: Your flesh is heat resistant. (rF+)
                  | [potion of mutation]
  5174 | D:5      | Reached XP level 8. HP: 39/77 MP: 7/7
  5473 | D:5      | Reached skill level 7 in Long Blades
  5975 | D:6      | Reached skill level 8 in Long Blades
  6017 | D:6      | Slain by a gnoll

Illustrated notes

Levels and vault maps discovered:
D:1:      minmay_arrival_diagonal_passages, layout_loops_ring
D:2:      layout_loops_cross, minmay_misc_feat_enclosed, minmay_statues_item,
          uniq_sigmund
D:3:      layout_loops_ring, serial_shops, nicolae_shop_stone, minivault_14
D:4:      layout_gridville, nicolae_shop_i_like_big_books,
          nicolae_inconvenience_store
D:5:      minmay_chambers_of_threes, layout_basic, mainiacjoe_overflow_chevrons,
          kennysheep_donut
D:6:      wad_guarded_room, layout_loops_ring, temple_doors_cd,
          minmay_misc_feat_five, kennysheep_path_1, minmay_stone_trees_medium,
          nicolae_stop_n_shop_2

Skill      XL: |  1  2  3  4  5  6  7  8 |
---------------+-------------------------+-----
Long Blades    | 3 4 5 6 8 |  8.2
Shields        | 4 5 6 |  6.6
Fighting       | 4 5 6 |  6.5
Dodging        | 1 2 3 4 |  4.7
Armour         | 4 5 6 |  6.6

Action                   |  1- 3 |  4- 6 |  7- 9 || total
-------------------------+-------+-------+-------++-------
Melee: Long sword        |    80 |   139 |   173 ||   392
       Headbutt          |    11 |    17 |    33 ||    61
  Use: Potion            |       |       |     1 ||     1
Armor: Scale mail        |    24 |       |       ||    24
       Chain mail        |    26 |    53 |    73 ||   152
Dodge: Dodged            |    32 |    44 |    90 ||   166
Block: Buckler           |    27 |    22 |    44 ||    93

Table legend: (Time is in decaauts)
 A = Elapsed time spent in this place.
 B = Non-inter-level travel time spent in this place.
 C = Inter-level travel time spent in this place.
 D = Time resting spent in this place.
 E = Time spent auto-exploring this place.
 F = Levels seen in this place.
 G = Mean time per level.
                   A        B        C        D        E       F      G
               +--------+--------+--------+--------+--------+-----+--------+
         Total |   6087 |   5127 |    960 |    905 |   3192 |   6 | 1014.5 |
       Dungeon |   6087 |   5127 |    960 |    905 |   3192 |   6 | 1014.5 |
               +--------+--------+--------+--------+--------+-----+--------+

Top non-repeatable levels by time:
     D:4: 1813 daAuts
     D:5: 1516 daAuts
     D:2: 1003 daAuts
     D:1: 829 daAuts
     D:3: 788 daAuts
     D:6: 136 daAuts
